Map: Port Aleksander LE

Players

SortOf - Winner!

  • Race: Zerg Zerg
  • Spawn Location: 11:00

Creed

  • Race: Terran Terran
  • Spawn Location: 5:00

Event: 2019 WCS Spring

VOD

Have the link to the VOD?

Description

Time

  • Played on: May 17, 2019, 6:29 a.m.
  • Length: 11:26

All games in this series

Show
View Real Time Build Order
Export as new Build Order

SortOf Zerg - Winner!

Build Orders: Hatch First, Muta Ling Bane 

Get SALT Encoding   

  12  0:01  Drone  
  13  0:13  Overlord  
  13  0:18  Drone  
  14  0:33  Drone  
  14  0:34  Drone  
  16  0:49  Hatchery  
  15  0:55  Drone  
  16  0:57  Drone  
  16  1:00  Drone  
  18  1:11  Extractor  
  18  1:16  Spawning Pool  
  16  1:19  Drone  
  16  1:23  Drone  
  18  1:29  Drone  
  19  1:50  Overlord  
  19  1:51  Drone  
  20  2:03  Queen x2  
  20  2:04  Zergling x4  
  26  2:12  Drone x2  
  28  2:23  Drone x2  
  30  2:36  Hatchery  
  29  2:40  Metabolic Boost  
  29  2:41  Drone  
  29  2:43  Drone  
  31  2:48  Overlord  
  31  2:53  Drone  
  31  2:57  Queen  
  34  3:02  Drone  
  34  3:04  Drone  
  36  3:07  Drone x2  
  38  3:13  Drone  
  39  3:21  Overlord  
  39  3:22  Queen  
  39  3:23  Drone x2  
  43  3:27  Drone  
  43  3:30  Overlord  
  44  3:44  Drone x3, Overlord  
  44  3:46  Zergling x4  
  49  3:51  Queen  
  49  3:52  Drone x2  
  53  3:58  Drone  
  53  4:00  Queen  
  56  4:02  Overlord  
  56  4:04  Drone  
  56  4:06  Drone x2  
  56  4:09  Drone x2  
  61  4:12  Overlord  
  61  4:18  Drone  
  61  4:19  Drone  
  61  4:23  Drone x4  
  67  4:26  Queen  
  69  4:33  Zergling x6  
  69  4:36  Evolution Chamber  
  71  4:39  Evolution Chamber  
  71  4:41  Spore Crawler  
  71  4:42  Zergling x2  
  71  4:43  Spore Crawler, Zergling x2  
  71  4:44  Overlord  
  70  4:47  Drone  
  70  4:51  Drone  
  70  4:52  Zergling x8  
  76  4:54  Overlord  
  76  4:58  Drone x3  
  76  4:59  Drone  
  80  5:03  Drone  
  80  5:06  Overlord  
  81  5:10  Zerg Ground Armor Level 1, Zerg Melee Weapons Level 1  
  81  5:14  Extractor  
  81  5:15  Drone x2  
  81  5:18  Drone  
  81  5:19  Drone x4  
  87  5:23  Extractor x2  
  87  5:26  Drone, Extractor x2  
  87  5:27  Spore Crawler, Drone x2  
  87  5:28  Drone  
  86  5:35  Drone x2  
  88  5:41  Drone x3  
  90  5:47  Drone x2  
  90  5:48  Drone x7  
  87  6:04  Drone x2  
  87  6:08  Lair  
  87  6:10  Zergling x8  
  93  6:12  Baneling Nest  
  93  6:17  Pneumatized Carapace  
  93  6:18  Hatchery, Overlord  
  90  6:25  Zergling x16  
  98  6:28  Overlord  
  98  6:38  Overlord  
  98  6:39  Overlord  
  98  6:41  Zergling x10  
  103  6:47  Extractor  
  103  6:48  Extractor  
  103  6:52  Zergling x12  
  106  7:03  Drone  
  106  7:06  Overseer  
  106  7:07  Overseer, Spire  
  106  7:08  Zerg Melee Weapons Level 2, Centrifical Hooks  
  106  7:09  Zerg Ground Armor Level 2  
  106  7:10  Zergling x14  
  106  7:11  Baneling x2  
  106  7:12  Baneling x2  
  106  7:13  Baneling  
  112  7:23  Drone x8  
  112  7:29  Drone x2  
  122  7:32  Baneling x2  
  122  7:33  Baneling  
  122  7:39  Zergling x12  
  124  7:49  Overlord  
  124  7:55  Overlord x2  
  124  8:01  Zergling x22  
  133  8:12  Hatchery  
  131  8:14  Baneling x3  
  131  8:21  Mutalisk x9  
  131  8:22  Zerg Flyer Weapons Level 1  
  131  8:26  Infestation Pit  
  148  8:31  Mutalisk x2  
  152  8:48  Mutalisk x4  
  152  8:50  Zergling x16  
  168  8:59  Baneling  
  168  9:00  Baneling x2  
  168  9:01  Overlord, Overseer  
  168  9:02  Overlord x4  
  168  9:05  Hive  
  168  9:14  Baneling x9  
  167  9:21  Zergling x30  
  172  9:25  Zergling x4  
  174  9:42  Zergling x26  
  187  9:56  Mutalisk x6  
  191  10:10  Overlord  
  191  10:11  Zergling x2  
  191  10:12  Zergling x16  
  199  10:20  Roach Warren  
  198  10:26  Baneling x11  
  172  10:36  Zergling x24  
  172  10:41  Baneling x4  
  178  10:44  Baneling x6  
  178  10:46  Zergling x12  
  183  10:53  Zergling x16  
  186  10:57  Baneling x6  
  186  11:03  Zergling x10  
Show
View Real Time Build Order
Export as new Build Order

Creed Terran 

Build Orders: Liberator Opening, Reaper Expand 

Get SALT Encoding   

  12  0:00  SCV  
  13  0:12  SCV  
  14  0:17  Supply Depot  
  14  0:24  SCV  
  15  0:39  SCV  
  15  0:41  Barracks  
  16  0:45  Refinery  
  16  0:51  SCV  
  17  1:03  SCV  
  18  1:15  SCV  
  19  1:28  Reaper  
  19  1:29  Orbital Command  
  20  1:46  Command Center  
  20  1:54  SCV  
  20  2:00  Marine  
  22  2:03  Supply Depot  
  22  2:06  SCV  
  23  2:14  Factory  
  23  2:24  Barracks Reactor, Refinery, SCV  
  24  2:36  SCV  
  25  2:48  SCV  
  26  2:57  Orbital Command  
  26  3:01  SCV  
  27  3:05  Starport  
  27  3:08  Hellion x2  
  31  3:13  SCV  
  31  3:14  Barracks Reactor  
  32  3:23  SCV  
  32  3:25  Supply Depot, SCV  
  34  3:30  Hellion x2  
  38  3:35  SCV  
  38  3:37  SCV  
  40  3:47  SCV  
  41  3:49  SCV  
  41  3:53  Hellion x2  
  41  3:55  Liberator x2, Supply Depot  
  48  4:02  SCV x2  
  48  4:12  Barracks Tech Lab  
  48  4:17  SCV x2  
  56  4:25  Command Center  
  56  4:29  SCV x2  
  58  4:31  Supply Depot  
  58  4:32  Stimpack  
  58  4:33  Marine  
  59  4:41  SCV  
  59  4:43  SCV  
  61  4:46  Barracks  
  61  4:48  Factory Tech Lab  
  61  4:51  Barracks  
  61  4:52  Marine  
  62  4:55  Supply Depot  
  62  5:05  SCV x2  
  64  5:08  Engineering Bay  
  64  5:09  Marine, Engineering Bay  
  64  5:10  Siege Tank  
  68  5:17  Starport Reactor  
  68  5:21  Refinery, SCV x2  
  68  5:22  Refinery  
  68  5:24  Supply Depot  
  69  5:35  SCV x2  
  70  5:46  Terran Infantry Armor Level 1, Terran Infantry Weapons Level 1  
  70  5:47  Marine, SCV x2  
  70  5:48  Marine  
  70  5:49  Orbital Command  
  68  5:59  SCV  
  68  6:00  Marine x2  
  62  6:05  Marine x2  
  62  6:06  Siege Tank  
  62  6:07  Medivac  
  62  6:09  Marine  
  68  6:14  Barracks x2  
  68  6:17  Medivac  
  70  6:18  Marine, Orbital Command  
  70  6:19  Marine  
  70  6:22  SCV  
  70  6:24  SCV  
  74  6:26  Marine x2  
  76  6:34  SCV  
  76  6:36  SCV  
  76  6:38  Armory, Marine x3  
  80  6:40  Siege Tank  
  80  6:44  SCV  
  80  6:45  Supply Depot  
  80  6:46  Supply Depot, SCV  
  85  6:48  Medivac  
  87  6:56  Marine x2, SCV  
  87  6:57  SCV  
  87  6:58  Supply Depot, Marine  
  87  6:59  Supply Depot  
  87  7:00  Combat Shield  
  92  7:02  Barracks Reactor  
  92  7:03  Barracks Reactor  
  92  7:04  Marine  
  92  7:07  SCV  
  92  7:08  SCV  
  95  7:13  Siege Tank  
  98  7:22  Marine x4  
  98  7:23  SCV x2  
  98  7:25  Medivac  
  102  7:31  Marine  
  102  7:35  Medivac  
  102  7:36  SCV x2  
  107  7:39  Marine  
  107  7:40  Marine x2  
  110  7:46  Barracks, Marine x4  
  110  7:47  Barracks  
  110  7:49  Marine x2  
  110  7:51  Terran Infantry Weapons Level 2  
  115  7:53  Supply Depot  
  115  7:54  Supply Depot  
  115  7:57  Marine x2  
  117  8:05  Marine x3  
  116  8:09  Marine x2  
  116  8:10  Marine x2  
  116  8:12  Siege Tank  
  124  8:14  SCV  
  124  8:15  Marine  
  124  8:16  SCV  
  124  8:17  Supply Depot, Marine  
  124  8:19  Supply Depot  
  128  8:23  Marine x2  
  128  8:26  Marine  
  131  8:27  Marine  
  132  8:37  Marine x3  
  132  8:38  Marine x4  
  139  8:44  Siege Tank, Marine  
  139  8:45  Terran Infantry Armor Level 2  
  143  8:50  Medivac x2  
  147  9:02  Marine x6  
  152  9:03  Marine  
  152  9:04  Marine  
  152  9:05  Command Center  
  155  9:18  Marine x3  
  155  9:19  Marine  
  155  9:20  Marine  
  155  9:22  Marine  
  155  9:23  Marine  
  159  9:29  Marine x2  
  159  9:30  Marine  
  154  9:32  Medivac  
  154  9:33  Medivac  
  154  9:37  Marine x2  
  157  9:39  Missile Turret  
  148  9:48  Marine x2  
  148  9:50  SCV x3  
  148  9:52  Missile Turret  
  142  9:55  Marine x2  
  142  9:59  Marine x2  
  143  10:01  Marine  
  143  10:02  Marine  
  122  10:07  Marine  
  122  10:11  SCV  
  114  10:16  Marine  
  114  10:21  Marine x2  
  115  10:24  Marine  
  96  10:36  Marine x3  
  96  10:42  Marine x2  
  100  10:45  Marine x2  
  100  10:47  Medivac  
  100  10:49  SCV x3  
  108  10:56  Marine x3  
  105  10:58  Marine x2  
  105  11:00  Marine x2  
  106  11:06  Marine x2  
  106  11:08  Marine  
Tags
 
Add a new tag
Caveats
  • Supply blocks, unpowered buildings, or Contaminate may cause inaccurate times.
  • Supply counts are checked every 10 seconds.